 Dungeon Crawl Stone Soup version 0.32-a0-876-gcfddb08e57 (webtiles) character file.

Game seed: 13936981844699074336

4706 funkygono the Thaumaturge (level 10, -9/51 HPs)
             Began as a Deep Elf Fire Elementalist on Apr 1, 2024.
             Mangled by a komodo dragon (29 damage)
             ... on level 8 of the Dungeon.
             The game lasted 00:14:28 (7858 turns).

funkygono the Thaumaturge (DEFE)                    Turns: 7858, Time: 00:14:29

Health: -9/51      AC:  4    Str:  5    XL:     10   Next: 21%
Magic:  18/37      EV: 12    Int: 25    God:
Gold:   430        SH:  0    Dex: 15    Spells: 20/34 levels left

rFire   . . .        q - +3 dagger (speed)
rCold   + . .        (no shield)
rNeg    . . .        a - +0 robe
rPois   .            y - +1 helmet
rElec   .            (no cloak)
rCorr   .            (no gloves)
SInv    .            (no boots)
Will    +....        (no amulet)
Stlth   +++          m - ring of magical power
HPRegen 0.28/turn    t - ring of protection from cold
MPRegen 0.25/turn

%: no passive effects
@: very slightly contaminated
A: no striking features
a: no special abilities


You were on level 8 of the Dungeon.
You visited 2 branches of the dungeon, and saw 9 of its levels.

You collected 430 gold pieces.

Inventory:

Hand Weapons
 q - a +3 dagger of speed (weapon)
 A - a +1 vampiric dagger
Armour
 a - a +0 robe (worn)
 v - a +2 ring mail of cold resistance
 y - a +1 helmet (worn)
Jewellery
 m - a ring of magical power (left hand)
 t - a ring of protection from cold (right hand)
Wands
 s - a wand of charming (12)
 x - a wand of iceblast (5)
Scrolls
 d - a scroll of identify
 h - 3 scrolls of teleportation
 k - 3 scrolls of immolation
Potions
 b - a potion of magic
 c - 5 potions of heal wounds
 e - a potion of enlightenment {unknown}
 f - a potion of degeneration {unknown}
 i - 2 potions of ambrosia {unknown}
 j - 2 potions of resistance {unknown}
 l - a potion of might {unknown}
 n - 4 potions of curing
 r - a potion of invisibility {unknown}
 u - 2 potions of brilliance {unknown}


   Skills:
 + Level 0.7 Fighting
 + Level 4.1 Dodging
 + Level 4.1 Stealth
 + Level 12.7 Spellcasting
 + Level 6.4 Conjurations
 + Level 10.6 Fire Magic


You had 20 spell levels left.
You knew the following spells:

 Your Spells              Type           Power      Damage    Failure   Level
a - Foxfire               Conj/Fire      100%       2x1d9     1%          1
b - Scorch                Fire           100%       2d9       1%          2
c - Sticky Flame          Fire/Alch      42%        2d8       4%          4
d - Flame Wave            Conj/Fire      55%        2d13      1%          4
e - Stone Arrow           Conj/Erth      64%        3d11      3%          3

Your spell library contained the following spells:

 Spells                   Type           Power      Damage    Failure   Level
 Inner Flame              Hex/Fire       42%        N/A       1%          3
 Volatile Blastmotes      Fire/Tloc      84%        2d17      1%          3
 Hailstorm                Conj/Ice       31%        3d8       3%          3
 Ignite Poison            Fire/Alch      42%        N/A       4%          4
 Call Canine Familiar     Summ           15%        N/A       11%         3
 Sigil of Binding         Hex            15%        N/A       11%         3
 Summon Ice Beast         Ice/Summ       15%        N/A       11%         3
 Animate Armour           Summ/Erth      32%        N/A       36%         4
 Dimensional Bullseye     Hex/Tloc       7%         N/A       36%         4
 Ignition                 Fire           31%        3d10      97%         8
 Permafrost Eruption      Ice/Erth       8%         2x4d3     99%         6
 Sculpt Simulacrum        Ice/Alch       7%         N/A       99%         6
 Lehudib's Crystal Spear  Conj/Erth      16%        10d5      100%        8


Dungeon Overview and Level Annotations

Branches:
Dungeon (8/15)             Temple (1/1) D:6            Lair (0/5) D:8

Altars:
Ashenzari
Cheibriados
Dithmenos
Elyvilon
Fedhas
Gozag
Hepliaklqana
Kikubaaqudgha
Makhleb
Nemelex Xobeh
Okawaru
Qazlal
Ru
Trog
Uskayaw
Wu Jian
Xom
Yredelemnul
Zin
The Shining One

Shops:
D:4 =   D:6 *


Message History

You kill the wyvern!
Unknown command.
Casting: Scorch (safe; 1% risk of failure)
Confirm with . or Enter, or press ? or * to list all spells.
Aiming: Stone Arrow (dangerous; 3% risk of failure)
Press: ? - help, Shift-Dir - straight line, f - komodo dragon
Aim: a komodo dragon (81% to hit)
You miscast Stone Arrow.
You are very lightly contaminated with residual magic.
Nothing appears to happen.
Casting: Stone Arrow (dangerous; 3% risk of failure)
Confirm with . or Enter, or press ? or * to list all spells.
Flames lash the komodo dragon.
The komodo dragon is lightly wounded.
The komodo dragon's fire resistance burns away.
Casting: Scorch (safe; 1% risk of failure)
Confirm with . or Enter, or press ? or * to list all spells.
Flames lash the komodo dragon.
The komodo dragon is burned terribly!
The komodo dragon is moderately wounded.
The komodo dragon bites you!
Unknown command.
Casting: Scorch (safe; 1% risk of failure)
Confirm with . or Enter, or press ? or * to list all spells.
Aiming: Sticky Flame (dangerous; 4% risk of failure)
Press: ? - help, Shift-Dir - straight line, f/p - komodo dragon
Aim: a komodo dragon (moderately wounded, more vulnerable to fire)
The komodo dragon bites you but does no damage.
Casting: Sticky Flame (dangerous; 4% risk of failure)
Confirm with . or Enter, or press ? or * to list all spells.
You conjure some foxfire!
The komodo dragon bites you!
Casting: Foxfire (safe; 1% risk of failure)
Confirm with . or Enter, or press ? or * to list all spells.
Flames lash the komodo dragon but do no damage.
The foxfire hits the komodo dragon.
The komodo dragon is burned terribly!
The komodo dragon is heavily wounded.
The foxfire hits the komodo dragon but does no damage.
The komodo dragon is heavily wounded.
The komodo dragon bites you!!
Ouch! That really hurt!
You die...

##..P...P ##..k..P.P
#...Pl.PPP #.#...PPPP
############ #.##...PPP
#..........# #.# .....P
#.........>#######.#
...PP
#................l.#
#...#
#..............§@###
...##
#...............§# ..
##
.................###...
.######.###...>........
#........##............
#.^......##......###.
#................#
#<.......##......#
#........##......#


You could see a komodo dragon (combustible).

Vanquished Creatures
  2 two-headed ogres
  Maurice (D:7)
  Prince Ribbit (D:5)
  Sigmund (D:2)
  2 wyverns
  Menkaure (D:5)
  Edmund (D:5)
  Duvessa (D:6)
  A sky beast (D:7)
  2 black bears
  2 ice beasts
  An orc warrior (D:8)
  2 ogres
  3 centaurs
  A bullfrog (D:8)
  4 scorpions
  Dowan (D:6)
  A bombardier beetle (D:6)
  2 jellies (D:5)
  3 hounds
  4 orc priests
  Natasha (thrice) (D:3)
  A gnoll bouda (D:7)
  Jessica (D:3)
  5 iguanas
  5 orc wizards
  Terence (D:2)
  3 gnolls
  6 adders
  2 white imps
  2 dart slugs
  A ribbon worm (D:2)
  25 orcs
  6 bats
  8 endoplasms
  7 giant cockroaches
  10 goblins
  5 hobgoblins
  4 jackals (D:5)
  4 quokkas
  7 ball pythons
  6 frilled lizards
  7 kobolds
  4 rats
160 creatures vanquished.

Vanquished Creatures (collateral kills)
  10 foxfires
10 creatures vanquished.

Vanquished Creatures (others)
  491 foxfires
491 creatures vanquished.

Grand Total: 661 creatures vanquished

Notes
Turn   | Place    | Note
-------+----------+-------------------------------------------
     0 | D:1      | funkygono the Deep Elf Fire Elementalist began the quest
                  | for the Orb.
     0 | D:1      | Reached XP level 1. HP: 10/10 MP: 6/6
   147 | D:1      | Reached XP level 2. HP: 15/15 MP: 0/8
   150 | D:1      | Learned a level 2 spell: Scorch
  1048 | D:2      | Noticed Sigmund
  1051 | D:2      | Reached XP level 3. HP: 19/19 MP: 7/10
  1054 | D:2      | Killed Sigmund
  1055 | D:2      | Reached skill level 4 in Spellcasting
  1055 | D:2      | Reached XP level 4. HP: 24/24 MP: 3/12
  1055 | D:2      | Reached XP level 5. HP: 28/28 MP: 3/14
  1234 | D:2      | Learned a level 4 spell: Sticky Flame
  1239 | D:2      | Learned a level 4 spell: Flame Wave
  1262 | D:2      | Reached skill level 5 in Spellcasting
  1474 | D:2      | Noticed Terence
  1480 | D:2      | Killed Terence
  1481 | D:2      | Reached skill level 5 in Fire Magic
  1954 | D:3      | Noticed Jessica
  1958 | D:3      | Killed Jessica
  1959 | D:3      | Reached XP level 6. HP: 29/32 MP: 15/16
  2241 | D:3      | Noticed Natasha
  2246 | D:3      | Killed Natasha
  2341 | D:3      | Noticed Natasha
  2347 | D:3      | Killed Natasha
  2638 | D:3      | Noticed Natasha
  2642 | D:3      | Killed Natasha
  2788 | D:4      | Reached skill level 6 in Spellcasting
  2975 | D:4      | Found a sacrificial altar of Ru.
  3067 | D:4      | Reached skill level 7 in Spellcasting
  3067 | D:4      | Reached XP level 7. HP: 36/36 MP: 19/19
  3228 | D:4      | Found Baorph's Jewellery Shoppe.
  3600 | D:5      | Entered Level 5 of the Dungeon
  3847 | D:5      | Noticed Prince Ribbit
  3854 | D:5      | Killed Prince Ribbit
  3855 | D:5      | Reached skill level 8 in Spellcasting
  3855 | D:5      | Reached XP level 8. HP: 41/41 MP: 17/22
  3858 | D:5      | Noticed Edmund
  3866 | D:5      | Killed Edmund
  4195 | D:5      | Reached skill level 9 in Spellcasting
  4250 | D:5      | Found a shadowy altar of Dithmenos.
  4254 | D:5      | Found a bloodstained altar of Trog.
  4254 | D:5      | Found an ancient bone altar of Kikubaaqudgha.
  4267 | D:5      | Found a shimmering altar of Xom.
  4270 | D:5      | Found a hide-covered altar of Uskayaw.
  4307 | D:5      | Noticed Menkaure
  4313 | D:5      | Killed Menkaure
  4408 | D:5      | Noticed a two-headed ogre
  4416 | D:5      | Killed a two-headed ogre
  4417 | D:5      | Reached skill level 10 in Spellcasting
  4417 | D:5      | Reached skill level 5 in Conjurations
  4417 | D:5      | Reached XP level 9. HP: 45/45 MP: 25/25
  4996 | D:6      | Found Evix's General Store.
  5380 | D:7      | Noticed Maurice
  6070 | D:6      | Reached skill level 11 in Spellcasting
  6220 | D:7      | Maurice stole a ring of protection from cold
  6221 | D:7      | Killed Maurice
  6764 | D:7      | Found a glowing golden altar of the Shining One.
  6919 | D:6      | Noticed Duvessa
  6920 | D:6      | Noticed Dowan
  6925 | D:6      | Killed Duvessa
  6926 | D:6      | Killed Dowan
  6927 | D:6      | Reached skill level 10 in Fire Magic
  7029 | D:6      | Reached skill level 12 in Spellcasting
  7068 | D:6      | Found a glowing silver altar of Zin.
  7069 | D:6      | Found a basalt altar of Yredelemnul.
  7069 | D:6      | Found a white marble altar of Elyvilon.
  7221 | D:6      | Found a staircase to the Ecumenical Temple.
  7318 | Temple   | Entered the Ecumenical Temple
  7440 | D:7      | Learned a level 3 spell: Stone Arrow
  7486 | D:8      | Noticed a two-headed ogre
  7495 | D:8      | Killed a two-headed ogre
  7496 | D:8      | Reached XP level 10. HP: 34/51 MP: 23/28
  7838 | D:8      | Found a staircase to the Lair.
  7858 | D:8      | Mangled by a komodo dragon

Illustrated notes

Levels and vault maps discovered:
D:1:      ebering_trefoil_twist, layout_basic, serial_forest,
          infiniplex_forest_end_2, infiniplex_forest_lined_3,
          infiniplex_forest_diagonal, infiniplex_forest_lined_corner,
          infiniplex_forest_end_2, infiniplex_forest_corner_1,
          infiniplex_forest_fountain
D:2:      layout_rooms, uniq_sigmund, uniq_terence
D:3:      layout_loops_ring, uniq_jessica, uniq_natasha
D:4:      layout_loops_ring, marbit_many_paths, serial_shops, shop,
          kennysheep_minor_cross
D:5:      layout_basic, minmay_overflow_temple_star_hex, uniq_edmund,
          uniq_menkaure, uniq_prince_ribbit1
D:6:      layout_basic, gammafunk_temple_overflow_forgotten,
          minmay_temple_entry_statues_fountains, nicolae_take_the_stairs,
          uniq_duvessa
D:7:      layout_basic, lemuel_tele_altar, hex_large, uniq_maurice
D:8:      layout_rooms, david_lair_shrubbed, uniq_maggie
Temple:   nicolae_temple_ecumenical_triangle

Skill      XL: |  1  2  3  4  5  6  7  8  9 |
---------------+----------------------------+-----
Dodging        | 3 4 |  4.1
Spellcasting   | 4 5 7 8 10 12 | 12.7
Conjurations   | 2 3 4 5 6 |  6.4
Fire Magic     | 4 5 6 8 10 | 10.6
Stealth        | 3 4 |  4.1
Fighting       | |  0.7

Action                     |  1- 3 |  4- 6 |  7- 9 | 10-12 || total
---------------------------+-------+-------+-------+-------++-------
   Cast: Foxfire           |    34 |    82 |   153 |    18 ||   287
         Scorch            |     3 |    26 |    40 |     6 ||    75
         Flame Wave        |       |       |     6 |       ||     6
         Stone Arrow       |       |       |     3 |     5 ||     8
         Sticky Flame      |       |       |       |     1 ||     1
    Use: Scroll            |       |       |    13 |       ||    13
 Armour: Robe              |     3 |     6 |    44 |     4 ||    57
  Dodge: Dodged            |     5 |     9 |    32 |       ||    46

Table legend: (Time is in decaauts)
 A = Elapsed time spent in this place.
 B = Non-inter-level travel time spent in this place.
 C = Inter-level travel time spent in this place.
 D = Time resting spent in this place.
 E = Time spent auto-exploring this place.
 F = Levels seen in this place.
 G = Mean time per level.
                   A        B        C        D        E       F      G
               +--------+--------+--------+--------+--------+-----+--------+
         Total |   7868 |   7711 |    157 |    238 |   6170 |   9 |  874.2 |
       Dungeon |   7844 |   7687 |    157 |    238 |   6170 |   8 |  980.5 |
        Temple |     23 |     23 |      0 |      0 |      0 |   1 |   23.0 |
               +--------+--------+--------+--------+--------+-----+--------+

Top non-repeatable levels by time:
     D:6: 1854 daAuts
     D:5: 1159 daAuts
     D:1: 1143 daAuts
     D:4: 916 daAuts
     D:3: 857 daAuts
     D:7: 823 daAuts
     D:2: 684 daAuts
     D:8: 405 daAuts
  Temple: 23 daAuts
